 Dungeon Crawl Stone Soup version 0.26.1-11-gd32895ea62 (webtiles) character file.

Game seed: 2461676098182898033

126024 KamiKatze the Devastator (level 16, 0/122 HPs)
             Began as a Yellow Draconian Conjurer on June 1, 2021.
             Was the Champion of Vehumet.
             Killed from afar by a naga mage (11 damage)
             ... with a lance of force
             ... on level 2 of the Snake Pit.
             The game lasted 02:52:14 (28958 turns).

KamiKatze the Devastator (DrCj)                    Turns: 28958, Time: 02:52:15

Health: 0/122      AC: 14    Str: 11    XL:     16   Next: 42%
Magic:  28/34      EV: 14    Int: 30    God:    Vehumet [******]
Gold:   4170       SH:  4    Dex: 10    Spells: 8/44 levels left

rFire    + . .     SeeInvis .   w - staff of conjuration
rCold    + . .     Faith    .   I - +0 buckler
rNeg     . . .     Spirit   .   (armour unavailable)
rPois    +         Reflect  .   (helmet restricted)
rElec    .         Harm     .   U - scarf {rC+ rF+}
rCorr    +         Rampage  .   M - +2 pair of gloves
Will     +....                  x - +1 pair of boots
Stlth    +++.......             A - amulet of magic regeneration
HPRegen  0.30/turn              s - +6 ring of intelligence
MPRegen  0.49/turn              r - ring of poison resistance

@: lethally poisoned (0 -> -3)
A: spit acid, unfitting armour, acidic bite, cold-blooded, acid resistance, AC
+9
a: Breathe Acid, Renounce Religion


You were on level 2 of the Snake Pit.
You worshipped Vehumet.
Vehumet was exalted by your worship.
You visited 6 branches of the dungeon, and saw 27 of its levels.
You also visited: Ice Cave.

You collected 4200 gold pieces.
You spent 30 gold pieces at shops.

Inventory:

Hand Weapons
 a - a +0 spear of venom
 o - a +4 dagger of venom
Missiles
 g - 810 stones
 n - 2 throwing nets
 B - 8 atropa-tipped darts
 D - 99 poisoned darts (quivered)
 J - 6 curare-tipped darts
Armour
 x - a +1 pair of boots (worn)
 I - a +0 buckler (worn)
 M - a +2 pair of gloves (worn)
 U - a scarf of resistance (worn)
Magical Staves
 w - an uncursed staff of conjuration (weapon)
Jewellery
 h - an uncursed ring of flight
 l - an uncursed ring of protection from fire
 q - an uncursed ring of protection from fire
 r - a ring of poison resistance (right hand)
 s - a +6 ring of intelligence (left hand)
 v - a +4 ring of protection
 y - an uncursed ring of magical power
 A - an amulet of magic regeneration (around neck)
 S - the ring "Mumniuz" {Int+3 Stlth+}
   (You found it on level 6 of the Lair of Beasts)

   [ring of stealth]

   It affects your intelligence (+3).
   It makes you more stealthy.
 Z - an uncursed ring of magical power
Wands
 c - a wand of iceblast (50)
 e - a wand of digging (7)
 t - a wand of random effects (71)
 C - a wand of flame (59)
 H - a wand of polymorph (17)
 K - a wand of disintegration (22)
 O - a wand of enslavement (15)
 Q - a wand of acid (10)
Scrolls
 b - 10 scrolls of teleportation
 d - 4 scrolls of magic mapping
 p - 7 scrolls of remove curse
 E - 2 scrolls of fog
 F - a scroll of blinking
 R - a scroll of amnesia
 V - 3 scrolls of immolation
 W - 2 scrolls of enchant armour
Potions
 f - 9 potions of heal wounds
 i - 2 potions of brilliance
 j - 4 potions of berserk rage
 k - 5 potions of cancellation
 m - 6 potions of curing
 u - 2 potions of magic
 z - 9 potions of might
 L - 3 potions of attraction
 N - 2 potions of haste
 T - a potion of lignification
 X - 2 potions of resistance
 Y - a potion of flight
Miscellaneous
 G - a phantom mirror


   Skills:
 - Level 6.0 Fighting
 - Level 5.0 Dodging
 - Level 7.0 Stealth
 - Level 4.0 Shields
 * Level 14.7 Spellcasting
 - Level 15.0 Conjurations
 - Level 9.0 Hexes
 - Level 9.0 Translocations
 - Level 3.0 Transmutations
 * Level 7.5 Fire Magic
 * Level 0.5 Ice Magic
 + Level 8.9 Earth Magic


You had 8 spell levels left.
You knew the following spells:

 Your Spells              Type           Power        Failure   Level
a - Magic Dart            Conj           100%         0%          1
b - Searing Ray           Conj           100%         0%          2
c - Fulminant Prism       Conj/Hex       48%          1%          4
d - Iskenderun's Mystic   Conj/Tloc      96%          1%          4
e - Yara's Violent Unrav  Hex/Tmut       27%          1%          5
f - Fireball              Conj/Fire      47%          1%          5
g - Iron Shot             Conj/Erth      48%          1%          6
s - Shatter               Erth           33%          100%        9

Your spell library contained the following spells:

 Spells                   Type           Power        Failure   Level
 Chain Lightning          Conj/Air       39%          82%         8
 Fire Storm               Conj/Fire      47%          99%         9
 Absolute Zero            Ice            12%          100%        9
 Foxfire                  Conj/Fire      100%         0%          1
 Conjure Flame            Conj/Fire      94%          1%          3
 Dazzling Flash           Conj/Hex       100%         1%          3
 Inner Flame              Hex/Fire       64%          1%          3
 Static Discharge         Conj/Air       79%          1%          3
 Sticky Flame             Conj/Fire      94%          1%          4
 Lightning Bolt           Conj/Air       39%          1%          5
 Conjure Ball Lightning   Conj/Air       39%          4%          6
 Silence                  Hex/Air        24%          10%         5
 Summon Lightning Spire   Summ/Air       22%          22%         4
 Ignition                 Fire           30%          82%         8
 Tornado                  Air            11%          100%        9


Dungeon Overview and Level Annotations

Branches:
Dungeon (15/15)            Temple (1/1) D:7            Lair (6/6) D:8
 Shoals (1/4) Lair:2        Snake (2/4) Lair:2        Slime (0/5) Lair:5
    Orc (2/2) D:10            Elf (0/3) Orc:2        Vaults (0/5) D:14
 Depths (0/5) D:15          IceCv (visited)

Altars:
Ashenzari
Cheibriados
Dithmenos
Elyvilon
Fedhas
Gozag
Hepliaklqana
Kikubaaqudgha
Makhleb
Nemelex Xobeh
Okawaru
Qazlal
Ru
Sif Muna
Trog
Uskayaw
Vehumet
Wu Jian
Xom
Yredelemnul
Zin
The Shining One
Beogh

Shops:
D:7 (   D:10 [   D:11 (   D:13 *   Orc:1 *   Orc:2 =(*[   Snake:1 (?

Portals:
Abyss: D:3

Annotations:
D:15 3 runed translucent doors, exclusion: 2 doors
Shoals:1 exclusion: obsidian statue


Innate Abilities, Weirdness & Mutations

You can spit globs of acid.
Your golden yellow scales are hard. (AC +9)
You cannot fit into any form of body armour.
You have acidic saliva.
You are cold-blooded and may be slowed by cold attacks.
You are resistant to acid. (rCorr)


Message History

Vehumet accepts your kill.
You feel your power returning. The naga spits poison at you.
The splash of poison hits you but does no damage.
You resist.
A black mamba comes into view.
The naga mage gestures at you while chanting.
The bolt of poison hits you. You resist.
* * * LOW HITPOINT WARNING * * *
Found a spear.
The naga mage points at you and mumbles some strange words.
The poison arrow hits you!
You are poisoned.
You partially resist.
* * * LOW HITPOINT WARNING * * *
The black mamba hisses angrily.
You feel sick.
The naga mage gestures at you while chanting.
The lance of force hits you!
You die...

##..)# #....#
#....# #...#####
###(##.... #.....N#
..#
########..[.###...#
.....S...S..###...#
######.@.#N#)....#
#...))...^.#
###.N.##...#
#N.(.(....#
#.##N...### ..)
#......# ..N
#N........ ...
#.##...### ...
#.##...#


You could see a salamander, 2 black mambas, a naga mage (fast) and a naga.

Vanquished Creatures
  Frances (D:13)
  2 orc warlords
  Josephine (Lair:4)
  A yaktaur captain (D:14)
  Harold (Lair:2)
  10 hydras
  2 boulder beetles
  2 naga warriors (Snake:2)
  2 centaur warriors
  2 catoblepae
  2 anacondas
  10 two-headed ogres
  3 orc high priests (Orc:2)
  6 death yaks
  A queen ant (Lair:1)
  2 shock serpents (Snake:1)
  4 skeletal warriors (D:11)
  2 unseen horrors
  2 naga ritualists (Snake:1)
  A wizard (D:15)
  4 orc knights
  A necromancer (D:15)
  A lindwurm (Lair:5)
  A manticore (D:11)
  3 mana vipers
  3 salamanders (Snake:2)
  3 cyclopes
  2 deep elf magi (D:15)
  7 orc sorcerers
  3 ugly things
  3 guardian serpents
  4 naga magi
  17 black mambas
  Joseph (D:7)
  23 elephants
  2 ice statues (IceCv)
  6 gargoyles (D:10)
  5 cane toads
  8 rime drakes
  2 centaur skeletons
  2 yaktaurs (D:14)
  2 kobold demonologists (D:15)
  2 efreet
  7 komodo dragons
  A redback zombie (D:14)
  2 ice devils (IceCv)
  A queen bee (Lair:3)
  6 polar bears
  4 trolls
  7 slime creatures
  5 hornets
  A dream sheep (Lair:6)
  27 blink frogs
  3 centaur simulacra (D:15)
  A shadow (D:13)
  14 spriggans (Lair:6)
  36 yaks
  A water elemental (D:15)
  8 wyverns
  2 vampires
  2 basilisks
  5 wraiths
  A redback simulacrum (D:15)
  A warg (Orc:1)
  16 nagas
  20 soldier ants
  21 water moccasins
  3 acid dragons
  4 ice beasts
  4 black bears
  46 orc warriors
  6 sky beasts
  A necrophage (D:9)
  6 phantoms
  15 ogres
  4 boggarts (Lair:6)
  49 wolves
  7 centaurs
  5 big kobolds
  20 bullfrogs
  A gnoll sergeant (Orc:1)
  A wyvern zombie (D:13)
  6 scorpions
  A water moccasin skeleton (D:12)
  36 killer bees
  The ghost of gilnoh the Magician, a weakling DgWz (D:3)
  19 wights
  8 howler monkeys
  An electric eel (Lair:6)
  A crimson imp (D:3)
  A bullfrog zombie (D:7)
  9 hounds
  A quasit (D:12)
  2 jellies
  47 orc wizards
  8 centaur zombies
  42 orc priests
  4 iguanas
  A bullfrog skeleton (D:10)
  7 hell rats (Lair:6)
  37 worker ants
  A killer bee zombie (D:7)
  A hound zombie (D:7)
  4 gnolls
  12 adders
  3 shadow imps
  21 white imps
  3 oozes
  10 ufetubi
  An adder zombie (D:8)
  2 worms (D:2)
  The ghost of MatrixGlitch the Sneak, a weakling KoDe (D:5)
  4 dart slugs
  8 leopard geckos
  151 orcs
  2 ball pythons
  5 giant cockroaches
  7 goblins
  6 hobgoblins
  10 jackals
  17 kobolds
  5 quokkas
  5 bats
  5 frilled lizards
  A jackal skeleton (D:4)
  10 rats
  2 fulminant prisms
1055 creatures vanquished.

Vanquished Creatures (others)
  A reaper (IceCv)
  4 white imps (IceCv)
  2 ufetubi (IceCv)
  An orc (Orc:2)
  A bush (Lair:6)
  550 fulminant prisms
  89 fungi
  142 plants
790 creatures vanquished.

Grand Total: 1845 creatures vanquished

Notes
Turn   | Place    | Note
-------+----------+-------------------------------------------
     0 | D:1      | KamiKatze the Draconian Conjurer began the quest for the
                  | Orb.
     0 | D:1      | Reached XP level 1. HP: 14/14 MP: 3/3
   162 | D:1      | Reached XP level 2. HP: 19/20 MP: 5/5
   165 | D:1      | Learned a level 2 spell: Searing Ray
   581 | D:1      | Reached XP level 3. HP: 26/26 MP: 6/6
  1394 | D:2      | Reached XP level 4. HP: 33/33 MP: 2/8
  1924 | D:2      | Learned a level 4 spell: Fulminant Prism
  2131 | D:3      | Reached skill level 5 in Conjurations
  2306 | D:3      | Found a transporter.
  2316 | D:3      | Found a one-way gate to the infinite horrors of the Abyss.
  2316 | D:3      | Noticed gilnoh's ghost (weakling DgWz)
  2339 | D:3      | Found a transporter.
  2446 | D:4      | Reached skill level 1 in Hexes
  2531 | D:4      | Reached XP level 5. HP: 38/38 MP: 1/10
  2619 | D:4      | Noticed a phantom
  2849 | D:4      | Reached XP level 6. HP: 39/45 MP: 5/11
  2900 | D:4      | Learned a level 4 spell: Iskenderun's Mystic Blast
  3109 | D:4      | Reached skill level 1 in Translocations
  3407 | D:5      | Entered Level 5 of the Dungeon
  3559 | D:5      | Your scales start taking on a golden yellow colour.
  3559 | D:5      | Reached XP level 7. HP: 50/50 MP: 8/13
  3559 | D:5      | Gained mutation: You are resistant to acid. (rCorr) [Yellow
                  | Draconian growth]
  3584 | D:5      | Found a runed translucent gate.
  3585 | D:5      | Found a runed translucent gate.
  3586 | D:5      | Found a runed translucent gate.
  3588 | D:5      | Noticed MatrixGlitch's ghost (weakling KoDe)
  3588 | D:5      | Identified the cursed +1 ring mail of Inevitability {+Fly
                  | rF+ Dex+3}
  3593 | D:5      | Found a roughly hewn altar of Beogh.
  3693 | D:5      | Reached skill level 6 in Conjurations
  4152 | D:5      | Reached skill level 5 in Spellcasting
  4453 | D:6      | Reached XP level 8. HP: 52/57 MP: 2/15
  4976 | D:6      | Reached skill level 7 in Conjurations
  5587 | D:7      | Noticed a two-headed ogre
  5622 | D:6      | Killed a two-headed ogre
  5623 | D:6      | Reached skill level 5 in Hexes
  5623 | D:6      | Reached skill level 5 in Translocations
  5623 | D:6      | Reached XP level 9. HP: 62/62 MP: 1/18
  5725 | D:7      | Found Bubown's Weapon Boutique.
  5826 | D:7      | Reached skill level 8 in Conjurations
  6115 | D:7      | Noticed Joseph
  6126 | D:7      | Killed Joseph
  6236 | D:7      | Found a staircase to the Ecumenical Temple.
  6241 | Temple   | Entered the Ecumenical Temple
  6357 | Temple   | Became a worshipper of Vehumet
  6762 | D:8      | Reached XP level 10. HP: 65/69 MP: 4/20
  6978 | D:8      | Found an ornate altar of the Wu Jian Council.
  7042 | D:8      | Reached * piety under Vehumet
  7042 | D:8      | Offered knowledge of Sandblast by Vehumet.
  7118 | D:8      | Found a staircase to the Lair.
  7133 | D:8      | Reached skill level 9 in Conjurations
  7497 | D:8      | Reached skill level 1 in Fighting
  7607 | D:8      | Noticed a two-headed ogre
  7619 | D:8      | Killed a two-headed ogre
  8508 | D:9      | Noticed a two-headed ogre
  8516 | D:9      | Killed a two-headed ogre
  8517 | D:9      | Reached XP level 11. HP: 80/80 MP: 10/23
  8551 | D:9      | Reached ** piety under Vehumet
  8551 | D:9      | Offered knowledge of Foxfire by Vehumet.
  8798 | D:9      | You fall into a shaft and drop 1 floor!
  8798 | D:10     | Entered Level 10 of the Dungeon
  8977 | D:9      | Found an opulent altar of Gozag.
  9235 | D:10     | Found Wuumomyf's Armour Shoppe.
  9272 | D:10     | Offered knowledge of Inner Flame by Vehumet.
  9278 | D:10     | Reached *** piety under Vehumet
  9342 | D:10     | Found a staircase to the Orcish Mines.
  9372 | D:10     | Found a white marble altar of Elyvilon.
  9547 | D:10     | Offered knowledge of Sticky Flame by Vehumet.
  9993 | D:10     | Reached skill level 10 in Conjurations
 10485 | D:11     | Reached **** piety under Vehumet
 10505 | D:11     | Noticed a two-headed ogre
 10505 | D:11     | Noticed a cyan ugly thing
 10800 | D:5      | Killed MatrixGlitch's ghost
 11010 | D:3      | Killed gilnoh's ghost
 11035 | D:3      | Offered knowledge of Yara's Violent Unravelling by Vehumet.
 11073 | D:3      | Learned a level 5 spell: Yara's Violent Unravelling
 11186 | Lair:1   | Entered Level 1 of the Lair of Beasts
 11217 | Lair:1   | Reached skill level 1 in Transmutations
 11341 | Lair:1   | Reached XP level 12. HP: 91/91 MP: 19/25
 11341 | Lair:1   | Noticed a catoblepas
 11374 | Lair:1   | Killed a catoblepas
 11495 | Lair:1   | Identified a scroll of acquirement
 11678 | Lair:1   | Reached ***** piety under Vehumet
 11678 | Lair:1   | Offered knowledge of Lightning Bolt by Vehumet.
 12162 | Lair:2   | Reached skill level 5 in Stealth
 12165 | Lair:2   | Noticed Harold
 12314 | Lair:2   | Reached skill level 11 in Conjurations
 12337 | Lair:2   | Noticed a queen ant
 12492 | Lair:2   | Found a staircase to the Shoals.
 12556 | Lair:1   | Reached skill level 10 in Spellcasting
 12716 | Lair:1   | Killed a queen ant
 13132 | Lair:2   | Noticed a four-headed hydra
 13211 | Lair:2   | Offered knowledge of Hailstorm by Vehumet.
 13215 | Lair:2   | Killed a four-headed hydra
 13216 | Lair:2   | Reached XP level 13. HP: 96/96 MP: 8/27
 13285 | Lair:2   | Killed Harold
 13496 | Lair:2   | Reached skill level 12 in Conjurations
 13534 | Lair:2   | Found a staircase to the Snake Pit.
 14765 | Lair:3   | Found a stormy altar of Qazlal.
 15768 | Lair:4   | Noticed Josephine
 15772 | Lair:4   | Killed Josephine
 15782 | Lair:4   | Reached skill level 13 in Conjurations
 15833 | Lair:4   | Learned a level 9 spell: Shatter
 16395 | Lair:4   | Reached skill level 1 in Shields
 16395 | Lair:4   | Reached skill level 1 in Earth Magic
 16695 | Lair:4   | Gained mutation: You have acidic saliva. [Yellow Draconian
                  | growth]
 16695 | Lair:4   | Reached XP level 14. HP: 44/104 MP: 11/30
 16784 | Lair:5   | Found a staircase to the Slime Pits.
 16852 | Lair:5   | Learned a level 5 spell: Fireball
 16955 | Lair:5   | Acquired an uncursed staff of conjuration
 17035 | Lair:4   | Reached skill level 1 in Fire Magic
 17727 | Lair:6   | Entered Level 6 of the Lair of Beasts
 17742 | Lair:6   | Offered knowledge of Starburst by Vehumet.
 18117 | Lair:6   | Reached skill level 5 in Earth Magic
 18311 | Lair:6   | Reached skill level 14 in Conjurations
 19542 | Lair:6   | Got an ancient bronze ring
 19547 | Lair:6   | Identified the ring "Mumniuz" {Int+3 Stlth+} (You found it
                  | on level 6 of the Lair of Beasts)
 19809 | Orc:1    | Entered Level 1 of the Orcish Mines
 19809 | Orc:1    | Found Kaleg's Mass Market.
 19812 | Orc:1    | Reached ****** piety under Vehumet
 19834 | Orc:1    | Offered knowledge of Ozocubu's Refrigeration by Vehumet.
 20005 | Orc:1    | Noticed an orc warlord
 20014 | Orc:1    | Killed an orc warlord
 20234 | Orc:2    | Entered Level 2 of the Orcish Mines
 20330 | Orc:2    | Found a staircase to the Elven Halls.
 20336 | Orc:2    | Noticed an orc warlord
 20394 | Orc:2    | Found a frozen archway.
 20445 | IceCv    | Entered an ice cave
 20579 | IceCv    | Reached XP level 15. HP: 80/112 MP: 12/32
 20841 | Orc:2    | Offered knowledge of Irradiate by Vehumet.
 20850 | Orc:2    | Reached skill level 5 in Fighting
 21625 | Orc:2    | Offered knowledge of Iron Shot by Vehumet.
 21685 | Orc:2    | Killed an orc warlord
 22413 | Orc:2    | Found Ziwkurch's General Store.
 22414 | Orc:2    | Found Bithiasi's Jewellery Shop.
 22416 | Orc:2    | Found Xydofeekh's Antique Armour Boutique.
 22416 | Orc:2    | Found Isic's Antique Weapon Boutique.
 22714 | D:11     | Found Kypoyne's Antique Weapon Emporium.
 22966 | D:11     | Reached skill level 5 in Dodging
 22973 | D:11     | Learned a level 6 spell: Iron Shot
 24015 | D:13     | Reached skill level 5 in Fire Magic
 24137 | D:13     | Noticed Frances
 24302 | D:13     | Killed Frances
 24487 | D:13     | Offered knowledge of Spellforged Servitor by Vehumet.
 24679 | D:13     | Found Baemuole's Assorted Antiques.
 24686 | D:13     | Bought a ruby potion for 30 gold pieces
 25255 | D:14     | Found a gate to the Vaults.
 26100 | D:15     | Entered Level 15 of the Dungeon
 26170 | D:15     | Got a fine battleaxe
 26291 | D:15     | Reached XP level 16. HP: 101/122 MP: 25/34
 26356 | D:15     | Found a staircase to the Depths.
 26671 | D:15     | Found a runed translucent gate.
 26671 | D:15     | Found a runed translucent gate.
 26673 | D:15     | Found a runed translucent gate.
 27325 | Shoals:1 | Entered Level 1 of the Shoals
 27343 | Snake:1  | Entered Level 1 of the Snake Pit
 27738 | Snake:1  | Reached skill level 15 in Conjurations
 27891 | Snake:1  | Found Dackogap's Magic Scroll Shoppe.
 27891 | Snake:1  | Found Rotebaf's Weapon Emporium.
 27936 | Snake:1  | Acquired 741 gold pieces
 28019 | Lair:1   | Acquired 964 gold pieces
 28493 | Snake:2  | Offered knowledge of Fire Storm by Vehumet.
 28493 | Snake:2  | Offered knowledge of Chain Lightning by Vehumet.
 28493 | Snake:2  | Offered knowledge of Absolute Zero by Vehumet.
 28958 | Snake:2  | Killed from afar by a naga mage

Illustrated notes

Levels and vault maps discovered:
D:1:      giann_wishing_wells, layout_loops_ring
D:2:      layout_loops_corners, kennysheep_generic_room_12
D:3:      layout_rooms, gammafunk_ghost_abyssal_escape
D:4:      layout_gridville
D:5:      layout_gridville, biasface_ghost_orc_armoury
D:6:      layout_basic
D:7:      layout_loops_ring, minmay_temple_entry_proselytizer, serial_shops,
          shop, uniq_joseph
D:8:      layout_layer_cave, nzn_wu_jian_contemplation,
          due_lair_maze_entry_diamond
D:9:      layout_basic, basic_altar
D:10:     cheibrodos_statue_roulette, layout_basic, hiddenorc2_lemuel,
          basic_altar, serial_shops, nicolae_shop_competitors_out_of_business,
          serial_bayou_crossing
D:11:     layout_rooms, serial_corexii_hall, corexii_hall_statues_l,
          chequers_hall_statues_corner_a, chequers_hall_statues_corner_a,
          chequers_hall_statues_corner_a, corexii_hall_statues_i,
          corexii_hall_statues_x, serial_shops, kennysheep_little_box,
          grunt_ministairs_13
D:12:     layout_gridville
D:13:     layout_small_grid, serial_shops, nicolae_shop_waterfront, uniq_frances
D:14:     layout_stronghold, david_vaults_2, dk_noncrumbling_2,
          chequers_serial_rivers_micro_e, patterned_corridor
D:15:     grunt_enter_depths_magical_seal, layout_cave_pods,
          ploomutoo_gammafunk_ghost_potion_laboratory, minivault_14
Temple:   kilobyte_greek_temple
Lair:1:   layout_cellular_growth, grunt_forest_large_clearings
Lair:2:   wander_river, layout_cave_pods, elwin_shoals_entry_rocks,
          minmay_snake_entry_guardpost_small, minivault_29, grunt_megastairs_2,
          uniq_harold
Lair:3:   layout_layer_cave, special_room [special_room_bee], basic_altar,
          serial_bayou_lagoon_a, serial_bayou_pond_b
Lair:4:   layout_long_grid, chequers_serial_rivers_micro_b,
          bh_autumn_forest_stairs, uniq_josephine
Lair:5:   layout_regular_city, minmay_slime_entry_pillars,
          minmay_lair_drake_nest
Lair:6:   minmay_lair_end_enchanted_forest, layout_small_grid, minivault_24,
          st_stairs_8, chequers_serial_rivers_small_3,
          nicolae_quartered_pool_super
Shoals:1: layout_shoals, gammafunk_ghost_tricky_traps, dpeg_stationary_puzzle
Snake:1:  layout_concentric_octagons, minmay_shoptagon
Snake:2:  kennysheep_snake, layout_misc_corridors
Orc:1:    layout_caves, minmay_shop_mass, sword_in_stone
Orc:2:    st_orc_congregation, layout_diamond_mine, portal_ice_cave_entry_imps

Skill      XL: |  1  2  3  4  5  6  7  8  9 10 11 12 13 14 15 16 |
---------------+-------------------------------------------------+-----
Dodging        | 2 3 4 5 |  5.0
Stealth        | 2 3 4 6 7 |  7.0
Spellcasting   | 3 4 5 6 7 8 9 10 12 13 14 | 14.7
Conjurations   | 5 6 7 8 9 10 11 13 14 15 | 15.0
Hexes          | 1 2 3 5 6 7 8 9 |  9.0
Translocations | 1 3 5 6 7 8 9 |  9.0
Fighting       | 2 4 6 |  6.0
Transmutations | 1 3 |  3.0
Shields        | 3 4 |  4.0
Earth Magic    | 3 6 8 |  8.9
Fire Magic     | 3 6 7 |  7.5
Ice Magic      | |  0.5

Action                   |  1- 3 |  4- 6 |  7- 9 | 10-12 | 13-15 | 16-18 || total
-------------------------+-------+-------+-------+-------+-------+-------++-------
Melee: Spear             |   109 |    18 |       |       |       |       ||   127
       Tailslap          |     8 |     1 |     3 |     4 |     2 |       ||    18
       Dagger            |       |    39 |    23 |    43 |    26 |       ||   131
       Staff             |       |       |       |       |     7 |       ||     7
       Bite              |       |       |       |       |     2 |       ||     2
 Cast: Magic Dart        |    14 |    33 |    32 |    34 |    26 |       ||   139
       Searing Ray       |     4 |    18 |    37 |    74 |    92 |    10 ||   235
       Fulminant Prism   |       |       |    23 |   130 |   368 |    31 ||   552
       Iskenderun's Myst |       |       |    11 |    48 |    93 |    39 ||   191
       Fireball          |       |       |       |       |    81 |    10 ||    91
       Yara's Violent Un |       |       |       |       |     4 |       ||     4
       Iron Shot         |       |       |       |       |       |     2 ||     2
  Use: Scroll            |       |       |       |    22 |    21 |     2 ||    45
       Potion            |       |       |       |       |     7 |     3 ||    10
 Stab: Sleeping          |     3 |       |       |       |       |       ||     3
Armor: Skin              |    25 |    21 |    30 |    73 |    67 |    10 ||   226
Dodge: Dodged            |    50 |    49 |    55 |   109 |   124 |    16 ||   403
Block: Buckler           |       |       |       |       |    33 |     5 ||    38
